 Dungeon Crawl Stone Soup version 0.30.0 (webtiles) character file.

Game seed: 10630606519182399866

190 jimonade the Slasher (level 6, 0/48 HPs)
             Began as a Human Monk on May 7, 2023.
             Slain by a bullfrog (6 damage)
             ... in a sewer.
             The game lasted 00:06:47 (2203 turns).

jimonade the Slasher (Human Monk)                   Turns: 2203, Time: 00:06:48

Health: 0/48       AC:  4    Str: 14    XL:     6   Next: 1%
Magic:  6/6        EV: 10    Int:  8    God:
Gold:   159        SH:  0    Dex: 21    Spells: 5/5 levels left

rFire   . . .        a - +0 falchion
rCold   . . .        d - orb {light}
rNeg    . . .        h - +0 leather armour
rPois   .            (no helmet)
rElec   .            (no cloak)
rCorr   .            c - +0 pair of gloves
SInv    .            (no boots)
Will    .....        r - amulet of magic regeneration
Stlth   +            (no ring)
HPRegen 0.28/turn    (no ring)
MPRegen 0.50/turn

%: no passive effects
@: hasted, glowing, constricted, very quick
A: agile 1, strong 1
a: no special abilities


You were in a sewer.
You visited 1 branch of the dungeon, and saw 3 of its levels.
You also visited: Sewer.

You collected 159 gold pieces.

Inventory:

Hand Weapons
 a - a +0 falchion (weapon)
 e - a +0 sling
Missiles
 q - 5 boomerangs (quivered)
Armour
 b - a +0 robe
 c - a +0 pair of gloves (worn)
 d - an orb of light (worn)
 h - a +0 leather armour (worn)
 n - a +0 kite shield
 t - the -2 pair of boots "Vydusof" {Harm +Inv}
   (You found it on level 2 of the Dungeon)

   +Inv:      It lets you turn invisible.
   Harm:      It increases damage dealt and taken.
Jewellery
 r - an amulet of magic regeneration (around neck)
Scrolls
 f - a scroll of blinking {unknown}
 g - a scroll of enchant weapon {unknown}
 i - a scroll of enchant armour
 j - a scroll of acquirement
 k - a scroll of noise
 p - 4 scrolls of teleportation
 s - a scroll of immolation
 u - a scroll of fog {unknown}
 v - a scroll of vulnerability {unknown}
Potions
 m - a potion of mutation
 o - a potion of brilliance


   Skills:
 + Level 3.8 Fighting
 + Level 4.9 Long Blades
 + Level 2.0 Armour
 + Level 3.3 Dodging


You had 5 spell levels left.
You didn't know any spells.
Your spell library contained the following spells:

 Spells                   Type           Power      Damage    Failure   Level
 Lesser Beckoning         Tloc           0%         N/A       63%         2
 Gell's Gravitas          Tloc           0%         N/A       85%         3
 Teleport Other           Tloc           0%         N/A       85%         3


Dungeon Overview and Level Annotations

Branches:
Dungeon (3/15)              Sewer (1/1)

Altars:
Dithmenos


Innate Abilities, Weirdness & Mutations

You are agile. (Dex +4, Str/Int -1)
Your muscles are strong. (Str +4, Int/Dex -1)


Message History

The ball python closely misses you. The ball python bites you.
The ball python constricts you. The ball python barely misses you.
The ball python bites you but does no damage.
The bullfrog closely misses you.
The bullfrog hits you but does no damage.
You slash the bullfrog!
The bullfrog is heavily wounded.
The ball python bites you but does no damage.
The ball python bites you. The ball python closely misses you.
The ball python constricts you. The bullfrog closely misses you.
The ball python bites you but does no damage.
You barely miss the bullfrog.
The bullfrog is heavily wounded.
The bullfrog hits you! The bullfrog hits you.
You closely miss the bullfrog.
The bullfrog is heavily wounded.
The bullfrog hits you.
* * * LOW HITPOINT WARNING * * *
The ball python closely misses you. The ball python barely misses you.
The ball python constricts you.
The ball python bites you but does no damage.
The ball python completely misses you.
You slash the bullfrog!
The bullfrog is almost dead.
The bullfrog closely misses you. x2; The ball python bites you.
* * * LOW HITPOINT WARNING * * *
The ball python bites you.
* * * LOW HITPOINT WARNING * * *
The ball python constricts you. The ball python bites you.
* * * LOW HITPOINT WARNING * * *
The ball python bites you but does no damage.
You slash the bullfrog!
You kill the bullfrog!
The bullfrog closely misses you. The ball python bites you.
* * * LOW HITPOINT WARNING * * *
The ball python bites you but does no damage. x2
The ball python constricts you.
* * * LOW HITPOINT WARNING * * *
The ball python barely misses you. The bullfrog hits you.
You die...

###################
..#≈≈≈≈SSS~≈≈≈≈≈≈~#.###
..~~≈~~#F@.~#~~~≈~~...##
...~~~~~SlS#~~~~≈≈~....#
..~≈~~~~≈≈≈≈~~~~~~†....#
...≈~~≈≈≈≈≈≈≈~≈~≈~~....##
..#~≈≈≈≈≈≈≈≈≈≈≈≈≈≈#.....#
# ##################....#
####...## #..#....#
#..'....#


You could see a bullfrog, 5 ball pythons and a frilled lizard.

Vanquished Creatures
  A bullfrog (Sewer)
  8 adders
  5 river rats (Sewer)
  3 worms
  A dart slug (D:2)
  7 endoplasms
  3 giant cockroaches
  A hobgoblin (D:1)
  A quokka (D:2)
  8 ball pythons
  3 bats
  7 frilled lizards
  2 goblins
  3 kobolds
  31 rats
84 creatures vanquished.

Notes
Turn   | Place    | Note
-------+----------+-------------------------------------------
     0 | D:1      | jimonade the Human Monk began the quest for the Orb.
     0 | D:1      | Reached XP level 1. HP: 18/18 MP: 1/1
   485 | D:1      | Reached XP level 2. HP: 24/24 MP: 2/2
   643 | D:1      | HP: 1/24 [poisoned by an adder]
   660 | D:2      | Reached XP level 3. HP: 27/29 MP: 3/3
   899 | D:2      | Reached XP level 4. HP: 33/35 MP: 4/4
   962 | D:2      | Reached skill level 4 in Long Blades
   995 | D:2      | Reached skill level 1 in Armour
  1260 | D:2      | Identified the -2 pair of boots "Vydusof" {Harm +Inv}
  1357 | D:3      | Found a shadowy altar of Dithmenos.
  1374 | D:3      | Identified a scroll of acquirement
  1605 | D:3      | Found a glowing drain.
  1610 | Sewer    | Entered a sewer
  1696 | Sewer    | Reached XP level 5. HP: 25/41 MP: 5/5
  1975 | Sewer    | Gained mutation: You are agile. (Dex +4, Str/Int -1)
                  | [potion of mutation]
  1975 | Sewer    | Gained mutation: Your muscles are strong. (Str +4, Int/Dex
                  | -1) [potion of mutation]
  2188 | Sewer    | Noticed a bullfrog
  2190 | Sewer    | Noticed a bullfrog
  2198 | Sewer    | Reached XP level 6. HP: 33/48 MP: 6/6
  2203 | Sewer    | Slain by a bullfrog

Illustrated notes

Levels and vault maps discovered:
D:1:      shiori_arrival_oz, layout_basic, minmay_pentomino_v4
D:2:      layout_basic
D:3:      layout_loops_ring, nicolae_dithmenos_the_darkroom,
          gup_sewer_entry_spiral, uniq_grinder
Sewer:    sewer_minmay_w

Skill      XL: |  1  2  3  4  5 |
---------------+----------------+-----
Long Blades    | 4 |  4.9
Armour         | 1 2 |  2.0
Fighting       | |  3.8
Dodging        | |  3.3

Action                     |  1- 3 |  4- 6 || total
---------------------------+-------+-------++-------
  Melee: Falchion          |    46 |   174 ||   220
    Use: Potion            |     1 |     6 ||     7
         Scroll            |       |     5 ||     5
 Armour: Leather armour    |     4 |    68 ||    72
         Robe              |     1 |       ||     1
         Skin              |       |    16 ||    16
  Dodge: Dodged            |    37 |   154 ||   191
